Map: Seething Jungle

Players

Grumm

  • Race: Zerg Zerg
  • League: Gold
  • Spawn Location: 1:00

DarkMind

  • Race: Protoss Protoss
  • League: Silver
  • Spawn Location: 12:00

wakwakwak

  • Race: Terran Terran
  • League: Silver
  • Spawn Location: 7:00

kaloramik

  • Race: Terran Terran
  • Spawn Location: 6:00

VOD

Have the link to the VOD?

Description

Time

  • Played on: Jan. 9, 2016, 3:37 a.m.
  • Length: 5:24
Show
View Real Time Build Order
Export as new Build Order

Grumm Zerg 

Build Orders: Hatch First 

Get SALT Encoding   

  12  0:01  Drone  
  13  0:09  Drone  
  14  0:33  Extractor  
  14  0:34  Drone  
  15  0:43  Hatchery  
  15  0:48  Overlord  
  14  1:05  Spawning Pool  
  14  1:08  Drone  
  14  1:10  Drone  
  15  1:14  Extractor  
  15  1:18  Drone  
  15  1:22  Extractor  
  14  1:28  Drone  
  14  1:31  Drone  
  16  1:42  Drone  
  17  1:51  Queen  
  19  2:01  Queen  
  19  2:07  Zergling x2  
  22  2:11  Zergling x2  
  23  2:16  Zergling x2  
  23  2:21  Drone  
  23  2:55  Drone x5  
  28  3:03  Zergling x2  
  27  3:17  Zergling x2  
  27  3:19  Lair  
  27  3:47  Overlord x2  
  27  3:57  Evolution Chamber  
  27  3:59  Evolution Chamber  
  27  4:00  Drone x2  
  27  4:01  Overlord x2  
  27  4:06  Overlord  
  27  4:09  Drone x2  
  28  4:44  Zergling x12  
  33  5:03  Spine Crawler x2  
Show
View Real Time Build Order
Export as new Build Order

DarkMind Protoss 

Build Orders: Nexus First 

Get SALT Encoding   

  12  0:01  Probe (Chrono Boost)  
  13  0:12  Probe (Chrono Boost)  
  14  0:22  Probe (Chrono Boost)  
  14  0:27  Pylon  
  15  0:45  Probe (Chrono Boost)  
  16  0:55  Probe (Chrono Boost)  
  17  1:03  Nexus  
  17  1:06  Probe (Chrono Boost)  
  18  1:13  Gateway  
  18  1:16  Probe (Chrono Boost)  
  19  1:27  Assimilator, Probe (Chrono Boost)  
  20  1:36  Gateway  
  20  1:37  Probe (Chrono Boost)  
  21  1:45  Pylon  
  21  1:48  Probe (Chrono Boost)  
  22  1:58  Probe (Chrono Boost)  
  23  2:08  Cybernetics Core  
  23  2:09  Probe (Chrono Boost)  
  23  2:14  Gateway  
  24  2:20  Probe (Chrono Boost)  
  24  2:21  Forge  
  25  2:25  Probe (Chrono Boost)  
  26  2:30  Probe (Chrono Boost)  
  26  2:36  Probe (Chrono Boost)  
  28  2:41  Pylon  
  28  2:45  Pylon  
  28  2:48  Probe x2 (Chrono Boost)  
  30  2:56  Stalker  
  32  2:59  Probe x2 (Chrono Boost)  
  34  3:06  Photon Cannon  
  31  3:21  Photon Cannon  
  31  3:50  Probe x2 (Chrono Boost), Photon Cannon  
  31  3:52  Sentry  
  35  4:00  Probe x2 (Chrono Boost)  
  37  4:09  Probe  
  37  4:11  Probe  
  37  4:13  Assimilator  
  39  4:17  Assimilator  
  39  4:20  Probe  
  39  4:23  Probe  
  41  4:24  Pylon  
  41  4:27  Stalker  
  41  4:30  Probe  
  43  4:35  Probe  
  45  4:41  Probe  
  45  4:42  Stalker  
  45  4:43  Zealot  
  50  4:56  Gateway  
  50  5:00  Photon Cannon  
  50  5:05  Photon Cannon  
  50  5:08  Photon Cannon  
Show
View Real Time Build Order
Export as new Build Order

wakwakwak Terran 

Build Orders:  

Get SALT Encoding   

  12  0:01  SCV  
  13  0:13  SCV  
  14  0:21  Supply Depot  
  14  0:26  Refinery  
  14  0:28  SCV  
  15  0:44  Barracks  
  15  0:45  SCV  
  16  1:03  Barracks  
  16  1:05  SCV  
  17  1:17  SCV  
  18  1:29  SCV  
  18  1:32  Reaper  
  20  1:49  Factory  
  20  1:51  SCV  
  20  1:52  Supply Depot  
  21  1:56  Marine  
  22  2:05  Marine  
  23  2:10  Orbital Command  
  23  2:24  Barracks Tech Lab  
  23  2:29  Barracks Reactor  
  23  2:35  Factory Tech Lab  
  23  2:40  Command Center  
  23  2:43  SCV  
  24  2:51  Refinery  
  24  2:54  Marine  
  25  3:02  Barracks  
  25  3:07  Stimpack  
  25  3:12  Marine  
  26  3:17  SCV  
  27  3:25  Marine x2  
  29  3:30  Marine  
  30  3:40  SCV  
  31  3:51  Marine x2, Reaper  
  31  3:54  Marine  
  35  4:09  Marine x2  
  37  4:12  Barracks Reactor  
  37  4:14  Barracks  
  37  4:18  Barracks  
  37  4:23  Marine  
  38  4:42  Marine  
  38  4:43  Marine x2  
  41  4:49  Marine x2  
  41  5:00  Marine x2  
  41  5:01  Marine  
  41  5:03  Starport, Marine  
Show
View Real Time Build Order
Export as new Build Order

kaloramik Terran 

Build Orders:  

Get SALT Encoding   

  12  0:01  SCV  
  13  0:13  SCV  
  14  0:20  Supply Depot  
  14  0:26  SCV  
  15  0:37  Refinery  
  15  0:47  Barracks  
  15  0:50  SCV  
  16  1:02  SCV  
  17  1:14  SCV  
  18  1:19  Barracks  
  18  1:23  Refinery  
  18  1:26  SCV  
  19  1:36  Reaper  
  20  1:45  Orbital Command  
  20  2:04  Barracks  
  20  2:06  Supply Depot  
  20  2:13  SCV  
  20  2:14  Barracks Tech Lab  
  20  2:15  Barracks Tech Lab  
  21  2:25  SCV  
  21  2:28  Supply Depot  
  22  2:40  Marauder x2  
  22  2:44  SCV  
  27  3:00  SCV  
  27  3:02  Marauder x2  
  32  3:12  SCV  
  33  3:22  Marine  
  33  3:23  Marauder  
  36  3:41  Marauder  
  38  3:57  SCV  
  38  4:00  Supply Depot  
  38  4:02  Barracks  
  39  4:18  Factory  
  39  4:22  Marauder x2, SCV  
  44  4:38  Command Center  
  44  4:43  Marine x2  
  46  4:54  Marine  
  47  5:17  Supply Depot  
  47  5:19  Factory Tech Lab  
Tags
 
Add a new tag
Caveats
  • Supply blocks, unpowered buildings, or Contaminate may cause inaccurate times.
  • Supply counts are checked every 10 seconds.